Senators vs Inferno
Created - February 26, 2018 at 23:08
Goals
|
| Senators |
2 |
1 |
0 |
1 |
4 |
| Inferno |
2 |
1 |
0 |
0 |
3 |
|
Shots
|
| Senators |
14 |
9 |
6 |
6 |
35 |
| Inferno |
14 |
11 |
8 |
1 |
34 |
|
1st period
1. Inferno , Anders Lee 27 (Simon Danis-Pepin 9, David Ullstrom 51) at 10:19
2. Inferno , Cal O'Reilly 24 (Colby Robak 28) at 10:59
3. Senators , Marc-André Bernier 20 (Logan Stephenson 25, Freddie Hamilton 2) at 13:11
4. Senators , Chris Thorburn 44 (Stephane Da Costa 49, Gabriel Landeskog 33) at 17:08
Penalties :
Ian Cole (BIN) for Interference (Minor) at 7:32, Cal O'Reilly (Anc) for Hooking (Minor) at 18:56
2nd period
5. Senators , Patrick Bordeleau 17 (Marc-André Bernier 25) at 1:12
6. Inferno , Cal O'Reilly 25 (Bryan Rust 8, Matt Kassian 18) at 1:44
Penalties :
Gabriel Bourque (BIN) for Interference (Minor) at 10:07, Freddie Hamilton (BIN) for Charging (Minor) at 16:43
3rd period
No Goal
Penalties :
Sami Vatanen (Anc) for Roughing (Minor) at 7:56, Colby Robak (Anc) for Tripping (Minor) at 8:12, Jeff Petry (BIN) for Hooking (Minor) at 13:46
Overtime #1
7. Senators , Marc-André Bernier 21 (Shane Sims 24, Phil Di Giuseppe 2) at 3:17
Penalties :
No Penalty
Goalie Stats
Brad Thiessen (BIN), 31 saves from 34 shots - (0.912), W, 29-12-2, 63:17 minutes
Michael Hutchinson (Anc), 31 saves from 35 shots - (0.886), OTL, 19-13-3, 63:17 minutes
Players Stats for Senators
Player Name G A P +/- PIM S H SB GA TA FO MP PP MP PK MP
------------------------------------------------------------------------------------
Chris Thorburn 1 0 1 0 0 4 3 0 0 1 1/1 18:00 2:26 2:08
Dylan Blujus 0 0 0 0 0 1 1 0 0 1 0/0 11:54 0:00 0:00
Freddie Hamilton 0 1 1 2 2 1 2 0 0 0 3/6 11:46 0:00 0:00
Gabriel Bourque 0 0 0 -2 2 6 0 1 4 0 0/2 20:08 1:47 1:38
Gabriel Landeskog 0 1 1 0 0 4 1 1 0 1 7/9 26:08 2:26 4:21
Ian Cole 0 0 0 -2 2 1 3 1 2 1 0/0 27:25 2:45 2:54
Jarrod Maidens 0 0 0 0 0 0 1 0 0 0 0/2 6:49 0:00 0:00
Jeff Petry 0 0 0 3 2 0 4 0 0 1 0/0 21:02 1:29 2:11
Keegan Lowe 0 0 0 0 0 0 1 1 0 0 0/0 15:03 0:00 2:40
Logan Stephenson 0 1 1 -2 0 3 3 3 2 2 0/0 29:34 2:45 4:39
Marc-André Bernier 2 1 3 3 0 6 1 1 1 0 0/0 13:11 0:01 0:00
Matt Frattin 0 0 0 -2 0 0 1 0 0 0 0/1 17:19 1:47 0:00
Patrick Bordeleau 1 0 1 2 0 3 2 1 0 0 0/1 13:46 0:00 1:38
Phil Di Giuseppe 0 1 1 1 0 1 0 0 0 0 1/2 2:55 0:01 0:00
Ryan Dzingel 0 0 0 0 0 0 1 1 1 0 1/1 9:02 0:01 1:01
Shane Prince 0 0 0 -2 0 0 0 1 0 0 7/11 17:39 1:47 0:19
Shane Sims 0 1 1 3 0 3 1 3 1 1 0/0 22:38 1:29 3:28
Stephane Da Costa 0 1 1 0 0 2 1 1 1 0 6/17 20:49 2:26 4:47
Players Stats for Inferno
Player Name G A P +/- PIM S H SB GA TA FO MP PP MP PK MP
------------------------------------------------------------------------------------
Anders Lee 1 0 1 0 0 4 1 1 0 1 14/34 23:02 3:27 1:49
Bryan Rust 0 1 1 -1 0 4 1 0 0 0 0/0 19:00 4:23 0:00
Cal O'Reilly 2 0 2 -1 2 2 1 0 2 0 6/9 14:48 0:06 0:20
Christian Folin 0 0 0 -1 0 1 0 0 0 1 0/0 21:00 3:41 1:13
Colby Robak 0 1 1 0 2 3 1 2 0 0 0/0 28:19 4:15 1:55
David Ullstrom 0 1 1 1 0 4 3 0 0 2 1/1 22:48 3:33 2:16
Esa Lindell 0 0 0 0 0 1 1 0 0 1 0/0 11:56 0:00 0:45
Greg Pateryn 0 0 0 -2 0 1 0 1 1 0 0/0 14:30 3:41 1:15
Mathieu Brodeur 0 0 0 0 0 0 0 1 0 2 0/0 16:03 0:00 3:01
Matt Kassian 0 1 1 0 0 1 2 0 0 1 0/0 12:45 0:00 0:00
Matthew Nieto 0 0 0 -1 0 3 0 0 0 0 0/0 8:46 0:00 0:37
Philip Varone 0 0 0 -1 0 3 1 0 0 0 3/6 12:49 4:23 0:36
Sami Vatanen 0 0 0 0 2 4 4 1 2 3 0/0 26:13 4:15 0:12
Simon Danis-Pepin 0 1 1 1 0 0 1 1 1 0 0/0 20:04 0:00 0:18
Tanner Pearson 0 0 0 0 0 2 1 0 2 0 0/0 16:01 4:23 0:00
Tyler Shattock 0 0 0 0 0 0 0 0 0 1 0/0 7:53 0:06 0:00
Victor Rask 0 0 0 0 0 0 0 0 0 0 1/1 14:42 3:27 0:00
Vladimir Zharkov 0 0 0 1 0 1 2 0 0 0 2/2 16:29 0:00 0:55
3 Stars
1 - Marc-André Bernier (BIN)
2 - Patrick Bordeleau (BIN)
3 - Shane Sims (BIN)
Power Play
Senators - 0 on 3 Attempt(s) - 0.00%
Inferno - 0 on 4 Attempt(s) - 0.00%
Penalty Kill
Senators - 4 on 4 Attempt(s) - 100.00%
- Score 0 goal in Penalty Kill
Inferno - 3 on 3 Attempt(s) - 100.00%
- Score 0 goal in Penalty Kill
Team Stat
Senators - Hits : 26 - Faceoff Wins : 26 - Blocked Shots : 15 - Penalty Minutes : 8
Inferno - Hits : 19 - Faceoff Wins : 27 - Blocked Shots : 7 - Penalty Minutes : 6
Official
Referees : Walkom Stephen and Joannette Marc
Linesman : Bryan Pancich and Brad Kovachik
Game Notes
No Game Note
Finance
Level 1 -- Attendance: 1536 (76.80%) -- Ticket Income $61,440
Level 2 -- Attendance: 690 (69.00%) -- Ticket Income $13,800
Total Attendance: 2226 (74.20%)
Total Ticket Income: $75,240
Other Income: $3,762
Total Income: $79,002
Senators
5 vs 5 Forward
Center Left Wing Right Wing Time % Phy DF OF
1 Stephane Da Costa Gabriel Landeskog Chris Thorburn 40 1 2 2
2 Shane Prince Gabriel Bourque Matt Frattin 30 1 2 2
3 Freddie Hamilton Patrick Bordeleau Marc-André Bernier 20 1 2 2
4 Jarrod Maidens Ryan Dzingel Gabriel Landeskog 10 1 2 2
5 vs 5 Defense
Defense Defense Time % Phy DF OF
1 Ian Cole Logan Stephenson 40 1 2 2
2 Shane Sims Jeff Petry 30 1 2 2
3 Dylan Blujus Keegan Lowe 20 1 2 2
4 Ian Cole Logan Stephenson 10 1 2 2
PowerPlay Forward
Center Left Wing Right Wing Time % Phy DF OF
1 Stephane Da Costa Gabriel Landeskog Chris Thorburn 60 1 2 2
2 Shane Prince Gabriel Bourque Matt Frattin 40 1 2 2
PowerPlay Defense
Defense Defense Time % Phy DF OF
1 Ian Cole Logan Stephenson 60 1 2 2
2 Shane Sims Jeff Petry 40 1 2 2
Penalty Kill 4 Players Forward
Center Wing Time % Phy DF OF
1 Gabriel Landeskog Stephane Da Costa 60 1 2 2
2 Chris Thorburn Gabriel Bourque 40 1 2 2
Penalty Kill 4 Players Defense
Defense Defense Time % Phy DF OF
1 Ian Cole Logan Stephenson 60 1 2 2
2 Shane Sims Jeff Petry 40 1 2 2
Penalty Kill - 3 Players Forward
Forward Time % Phy DF OF
1 Gabriel Landeskog 60 1 2 2
2 Stephane Da Costa 40 1 2 2
Penalty Kill - 3 Players Defense
Defense Defense Time % Phy DF OF
1 Ian Cole Logan Stephenson 60 1 2 2
2 Shane Sims Jeff Petry 40 1 2 2
4 vs 4 Forward
Center Wing Time % Phy DF OF
1 Gabriel Landeskog Stephane Da Costa 60 1 2 2
2 Chris Thorburn Gabriel Bourque 40 1 2 2
4 vs 4 Defense
Defense Defense Time % Phy DF OF
1 Ian Cole Logan Stephenson 60 1 2 2
2 Shane Sims Jeff Petry 40 1 2 2
Last Minutes Offensive
Center Left Wing Right Wing Defense Defense
Stephane Da Costa Gabriel Landeskog Chris Thorburn Ian Cole Logan Stephenson
Last Minutes Defensive
Center Left Wing Right Wing Defense Defense
Stephane Da Costa Gabriel Landeskog Chris Thorburn Ian Cole Logan Stephenson
Goaltenders
Starting : Brad Thiessen
Backup : Ben Bishop
Extra Forwards
Normal : Phil Di Giuseppe, Marc-André Bernier, Patrick Bordeleau - PP : Phil Di Giuseppe, Marc-André Bernier - PK : Patrick Bordeleau
Extra Defensemen
Normal : Dylan Blujus, Keegan Lowe, Shane Sims - PP : Dylan Blujus - PK : Keegan Lowe, Shane Sims
Penalty Shots
Gabriel Landeskog, Stephane Da Costa, Chris Thorburn, Gabriel Bourque, Matt Frattin
Scratches
Zemgus Girgensons (Strained Back Injury), Chandler Stephenson (Severed Right Wrist Tendon Injury), Tomas Jurco (Left Leg Injury), Tommy Wingels (Healthy), Matt Tomkins (Healthy)
Inferno
5 vs 5 Forward
Center Left Wing Right Wing Time % Phy DF OF
1 Anders Lee David Ullstrom Vladimir Zharkov 40 1 2 2
2 Cal O'Reilly Matt Kassian Bryan Rust 30 1 2 2
3 Victor Rask Tanner Pearson Esa Lindell 20 1 2 2
4 Philip Varone Matthew Nieto Tyler Shattock 10 1 2 2
5 vs 5 Defense
Defense Defense Time % Phy DF OF
1 Colby Robak Sami Vatanen 40 1 2 2
2 Simon Danis-Pepin Christian Folin 30 1 2 2
3 Greg Pateryn Mathieu Brodeur 20 1 2 2
4 Simon Danis-Pepin Mathieu Brodeur 10 1 2 2
PowerPlay Forward
Center Left Wing Right Wing Time % Phy DF OF
1 Anders Lee David Ullstrom Victor Rask 60 1 2 2
2 Philip Varone Tanner Pearson Bryan Rust 40 1 2 2
PowerPlay Defense
Defense Defense Time % Phy DF OF
1 Colby Robak Sami Vatanen 60 1 2 2
2 Greg Pateryn Christian Folin 40 1 2 2
Penalty Kill 4 Players Forward
Center Wing Time % Phy DF OF
1 Cal O'Reilly David Ullstrom 60 1 2 2
2 Philip Varone Bryan Rust 40 1 2 2
Penalty Kill 4 Players Defense
Defense Defense Time % Phy DF OF
1 Colby Robak Mathieu Brodeur 60 1 2 2
2 Greg Pateryn Christian Folin 40 1 2 2
Penalty Kill - 3 Players Forward
Forward Time % Phy DF OF
1 Vladimir Zharkov 60 1 2 2
2 David Ullstrom 40 1 2 2
Penalty Kill - 3 Players Defense
Defense Defense Time % Phy DF OF
1 Colby Robak Mathieu Brodeur 60 1 2 2
2 Greg Pateryn Christian Folin 40 1 2 2
4 vs 4 Forward
Center Wing Time % Phy DF OF
1 Anders Lee Bryan Rust 60 1 2 2
2 Cal O'Reilly David Ullstrom 40 1 2 2
4 vs 4 Defense
Defense Defense Time % Phy DF OF
1 Colby Robak Sami Vatanen 60 1 2 2
2 Simon Danis-Pepin Christian Folin 40 1 2 2
Last Minutes Offensive
Center Left Wing Right Wing Defense Defense
Anders Lee David Ullstrom Victor Rask Colby Robak Sami Vatanen
Last Minutes Defensive
Center Left Wing Right Wing Defense Defense
Cal O'Reilly David Ullstrom Bryan Rust Colby Robak Sami Vatanen
Goaltenders
Starting : Michael Hutchinson
Backup : Christopher Gibson
Extra Forwards
Normal : Tanner Pearson, Anders Lee, Bryan Rust - PP : Bryan Rust, Cal O'Reilly - PK : David Ullstrom
Extra Defensemen
Normal : Greg Pateryn, Esa Lindell, Christian Folin - PP : Christian Folin - PK : Greg Pateryn, Sami Vatanen
Penalty Shots
Anders Lee, Vladimir Zharkov, Tanner Pearson, Bryan Rust, Matt Kassian
Scratches
Chris Brown (Healthy), Frank Corrado (Healthy), Ryan Spooner (Healthy), Kyle Palmieri (Healthy), Joakim Nordstrom (Healthy)
David Savard (Fractured Bone in Left Hand Injury), Trevor Carrick (Healthy), Petteri Lindbohm (Healthy), Daniil Tarasov (Healthy), Branden Troock (Healthy)
Luca Sbisa (Healthy), Nathan Lieuwen (Healthy)
% Time on Ice - Senators
Lines # - Real PCT - Wanted PCT - Time Play
Normal Forward
1 - 28% - 40% - 13:28
2 - 34% - 30% - 16:14
3 - 24% - 20% - 11:19
4 - 14% - 10% - 6:49
Normal Defense
1 - 38% - 40% - 18:12
2 - 34% - 30% - 16:02
3 - 25% - 20% - 11:54
4 - 4% - 10% - 1:42
PP Forward
1 - 58% - 60% - 2:27
2 - 42% - 40% - 1:47
PP Defense
1 - 65% - 60% - 2:45
2 - 35% - 40% - 1:29
PK Forward
1 - 73% - 60% - 5:48
2 - 27% - 40% - 2:08
PK Defense
1 - 56% - 60% - 4:28
2 - 44% - 40% - 3:28
PK3 Forward
1 - 0% - 60%
2 - 0% - 40%
PK3 Defense
1 - 0% - 60%
2 - 0% - 40%
44 Forward
1 - 78% - 60% - 2:34
2 - 22% - 40% - 0:43
44 Defense
1 - 50% - 60% - 1:38
2 - 50% - 40% - 1:39
Last Minute Offensive - 0:00
Last Minute Defensive - 0:00
Total
Forward - 63:17
Defense - 63:17
|
% Time on Ice - Inferno
Lines # - Real PCT - Wanted PCT - Time Play
Normal Forward
1 - 35% - 40% - 16:47
2 - 27% - 30% - 12:49
3 - 23% - 20% - 10:59
4 - 15% - 10% - 7:15
Normal Defense
1 - 42% - 40% - 20:19
2 - 30% - 30% - 14:17
3 - 19% - 20% - 9:17
4 - 8% - 10% - 3:57
PP Forward
1 - 45% - 60% - 3:33
2 - 55% - 40% - 4:23
PP Defense
1 - 54% - 60% - 4:15
2 - 46% - 40% - 3:41
PK Forward
1 - 100% - 60% - 2:31
2 - 0% - 40% - 0:00
PK Defense
1 - 87% - 60% - 2:12
2 - 13% - 40% - 0:19
PK3 Forward
1 - 90% - 60% - 1:33
2 - 10% - 40% - 0:10
PK3 Defense
1 - 100% - 60% - 1:43
2 - 0% - 40% - 0:00
44 Forward
1 - 77% - 60% - 2:31
2 - 23% - 40% - 0:46
44 Defense
1 - 56% - 60% - 1:50
2 - 44% - 40% - 1:27
Last Minute Offensive - 0:00
Last Minute Defensive - 0:00
Total
Forward - 63:17
Defense - 63:17
|
Play by Play
1st period
0:01 of 1st period - Stephane Da Costa wins face-off versus Anders Lee in neutral zone.
0:10 of 1st period - Snap shot by Stephane Da Costa.
0:10 of 1st period - Shot Misses the Net.
0:12 of 1st period - Slapshot by Gabriel Landeskog.
0:12 of 1st period - Stopped by Michael Hutchinson with a rebound.
0:42 of 1st period - Snap shot by Sami Vatanen.
0:42 of 1st period - Stopped by Brad Thiessen without a rebound.
0:43 of 1st period - Shane Prince wins face-off versus Cal O'Reilly in Senators zone.
0:43 of 1st period - Shane Prince is hit by Matt Kassian.
1:12 of 1st period - Off-side.
1:13 of 1st period - Victor Rask wins face-off versus Jarrod Maidens in neutral zone.
2:28 of 1st period - Greg Pateryn is hit by Ryan Dzingel and loses puck.
2:57 of 1st period - Snap shot by Esa Lindell.
2:57 of 1st period - Stopped by Brad Thiessen without a rebound.
2:58 of 1st period - Shane Prince wins face-off versus Cal O'Reilly in Senators zone.
3:09 of 1st period - Slapshot by Sami Vatanen.
3:09 of 1st period - Stopped by Brad Thiessen with a rebound.
3:27 of 1st period - Slapshot by Logan Stephenson.
3:27 of 1st period - Stopped by Michael Hutchinson with a rebound.
3:29 of 1st period - Slapshot by Logan Stephenson.
3:29 of 1st period - Stopped by Michael Hutchinson with a rebound.
3:31 of 1st period - Slapshot by Patrick Bordeleau.
3:31 of 1st period - Shot Misses the Net.
3:33 of 1st period - Slapshot by Logan Stephenson.
3:33 of 1st period - Stopped by Michael Hutchinson without a rebound.
3:34 of 1st period - Vladimir Zharkov wins face-off versus Freddie Hamilton in Inferno zone.
4:09 of 1st period - Matt Frattin is hit by Matt Kassian.
5:01 of 1st period - Snap shot by Cal O'Reilly.
5:01 of 1st period - Deflect By Matt Kassian.
5:01 of 1st period - Stopped by Brad Thiessen with a rebound.
5:03 of 1st period - Snap shot by Cal O'Reilly.
5:03 of 1st period - Shot Hit the Post.
6:33 of 1st period - Wrist shot by Philip Varone.
6:33 of 1st period - Shot Misses the Net.
7:01 of 1st period - Shane Sims is hit by Sami Vatanen.
7:32 of 1st period - Minor Penalty to Ian Cole for Interference.
7:33 of 1st period - Gabriel Landeskog wins face-off versus Anders Lee in Senators zone.
8:24 of 1st period - Wrist shot by Anders Lee.
8:24 of 1st period - Stopped by Brad Thiessen without a rebound.
8:25 of 1st period - Gabriel Landeskog wins face-off versus Anders Lee in Senators zone.
8:40 of 1st period - Snap shot by Anders Lee.
8:40 of 1st period - Stopped by Brad Thiessen without a rebound.
8:41 of 1st period - Chris Thorburn wins face-off versus Philip Varone in Senators zone.
8:52 of 1st period - Wrist shot by Philip Varone.
8:52 of 1st period - Shot Misses the Net.
8:54 of 1st period - Snap shot by Bryan Rust.
8:54 of 1st period - Shot Blocked by Gabriel Landeskog.
8:56 of 1st period - Snap shot by Philip Varone.
8:56 of 1st period - Shot Misses the Net.
9:16 of 1st period - Slapshot by Sami Vatanen.
9:16 of 1st period - Shot Misses the Net.
9:32 of 1st period - Penalty to Ian Cole is over, Ian Cole is back on ice.
9:46 of 1st period - Backhand shot by Anders Lee.
9:46 of 1st period - Stopped by Brad Thiessen without a rebound.
9:47 of 1st period - Anders Lee wins face-off versus Gabriel Bourque in Senators zone.
9:56 of 1st period - Slapshot by Vladimir Zharkov.
9:56 of 1st period - Stopped by Brad Thiessen without a rebound.
9:57 of 1st period - Shane Prince wins face-off versus Anders Lee in Senators zone.
9:57 of 1st period - Shane Prince is hit by Vladimir Zharkov.
10:07 of 1st period - Wrist shot by Gabriel Bourque.
10:07 of 1st period - Stopped by Michael Hutchinson with a rebound.
10:15 of 1st period - Wrist shot by David Ullstrom.
10:15 of 1st period - Shot Blocked by Logan Stephenson.
10:17 of 1st period - Slapshot by Simon Danis-Pepin.
10:17 of 1st period - Shot Misses the Net.
10:19 of 1st period - Slapshot by Anders Lee.
10:19 of 1st period - Goal by Anders Lee - Senators : 0 - Inferno : 1.
10:20 of 1st period - Cal O'Reilly wins face-off versus Stephane Da Costa in neutral zone.
10:39 of 1st period - Sami Vatanen is hit by Chris Thorburn and loses puck.
10:59 of 1st period - Snap shot by Cal O'Reilly.
10:59 of 1st period - Goal by Cal O'Reilly - Senators : 0 - Inferno : 2.
11:00 of 1st period - Shane Prince wins face-off versus Anders Lee in neutral zone.
11:05 of 1st period - Snap shot by Gabriel Bourque.
11:05 of 1st period - Shot Misses the Net.
11:11 of 1st period - Snap shot by David Ullstrom.
11:11 of 1st period - Stopped by Brad Thiessen with a rebound.
11:13 of 1st period - Wrist shot by David Ullstrom.
11:13 of 1st period - Stopped by Brad Thiessen with a rebound.
11:35 of 1st period - Matt Kassian is hit by Chris Thorburn and loses puck.
11:40 of 1st period - Wrist shot by Stephane Da Costa.
11:40 of 1st period - Deflect By Chris Thorburn.
11:40 of 1st period - Stopped by Michael Hutchinson with a rebound.
12:12 of 1st period - Slapshot by Christian Folin.
12:12 of 1st period - Shot Blocked by Ryan Dzingel.
12:14 of 1st period - Snap shot by Esa Lindell.
12:14 of 1st period - Shot Hit the Post.
12:37 of 1st period - Snap shot by Gabriel Bourque.
12:37 of 1st period - Stopped by Michael Hutchinson without a rebound.
12:38 of 1st period - Anders Lee wins face-off versus Shane Prince in Inferno zone.
12:51 of 1st period - Snap shot by Anders Lee.
12:51 of 1st period - Shot Misses the Net.
12:53 of 1st period - Snap shot by Anders Lee.
12:53 of 1st period - Shot Misses the Net.
13:03 of 1st period - Snap shot by Patrick Bordeleau.
13:03 of 1st period - Stopped by Michael Hutchinson with a rebound.
13:05 of 1st period - Snap shot by Freddie Hamilton.
13:05 of 1st period - Stopped by Michael Hutchinson with a rebound.
13:07 of 1st period - Slapshot by Dylan Blujus.
13:07 of 1st period - Stopped by Michael Hutchinson without a rebound.
13:08 of 1st period - Freddie Hamilton wins face-off versus Cal O'Reilly in Inferno zone.
13:11 of 1st period - Wrist shot by Marc-André Bernier.
13:11 of 1st period - Goal by Marc-André Bernier - Senators : 1 - Inferno : 2.
13:12 of 1st period - Anders Lee wins face-off versus Stephane Da Costa in neutral zone.
13:20 of 1st period - Slapshot by David Ullstrom.
13:20 of 1st period - Shot Misses the Net.
15:09 of 1st period - Off-side.
15:10 of 1st period - Anders Lee wins face-off versus Shane Prince in neutral zone.
15:47 of 1st period - Slapshot by Philip Varone.
15:47 of 1st period - Shot Misses the Net.
16:01 of 1st period - Wrist shot by Bryan Rust.
16:01 of 1st period - Stopped by Brad Thiessen with a rebound.
16:27 of 1st period - Slapshot by Logan Stephenson.
16:27 of 1st period - Shot Misses the Net.
16:54 of 1st period - Off-side.
16:55 of 1st period - Cal O'Reilly wins face-off versus Stephane Da Costa in neutral zone.
17:06 of 1st period - Snap shot by Stephane Da Costa.
17:06 of 1st period - Deflect By Bryan Rust.
17:06 of 1st period - Stopped by Michael Hutchinson with a rebound.
17:08 of 1st period - Wrist shot by Chris Thorburn.
17:08 of 1st period - Goal by Chris Thorburn - Senators : 2 - Inferno : 2.
17:09 of 1st period - Stephane Da Costa wins face-off versus Anders Lee in neutral zone.
17:18 of 1st period - Wrist shot by Vladimir Zharkov.
17:18 of 1st period - Shot Misses the Net.
17:20 of 1st period - Snap shot by David Ullstrom.
17:20 of 1st period - Stopped by Brad Thiessen with a rebound.
17:36 of 1st period - Colby Robak is hit by Jeff Petry and loses puck.
18:03 of 1st period - Snap shot by Matt Frattin.
18:03 of 1st period - Shot Blocked by Mathieu Brodeur.
18:05 of 1st period - Snap shot by Gabriel Bourque.
18:05 of 1st period - Shot Blocked by Simon Danis-Pepin.
18:15 of 1st period - Slapshot by Logan Stephenson.
18:15 of 1st period - Deflect By Gabriel Landeskog.
18:15 of 1st period - Stopped by Michael Hutchinson without a rebound.
18:16 of 1st period - Anders Lee wins face-off versus Jarrod Maidens in Inferno zone.
18:41 of 1st period - Sami Vatanen is hit by Logan Stephenson and loses puck.
18:50 of 1st period - Slapshot by Gabriel Bourque.
18:50 of 1st period - Shot Misses the Net.
18:56 of 1st period - Minor Penalty to Cal O'Reilly for Hooking.
18:57 of 1st period - Anders Lee wins face-off versus Stephane Da Costa in Inferno zone.
18:57 of 1st period - Anders Lee is hit by Logan Stephenson.
19:13 of 1st period - Slapshot by Gabriel Landeskog.
19:13 of 1st period - Shot Misses the Net.
Goals for this period are 2 for Senators vs 2 for Inferno.
Shots for this period are 14 for Senators vs 14 for Inferno.
2nd period
0:01 of 2nd period - Stephane Da Costa wins face-off versus Anders Lee in neutral zone.
0:56 of 2nd period - Penalty to Cal O'Reilly is over, Cal O'Reilly is back on ice.
1:12 of 2nd period - Snap shot by Patrick Bordeleau.
1:12 of 2nd period - Goal by Patrick Bordeleau - Senators : 3 - Inferno : 2.
1:13 of 2nd period - Anders Lee wins face-off versus Stephane Da Costa in neutral zone.
1:38 of 2nd period - Cal O'Reilly is hit by Logan Stephenson.
1:44 of 2nd period - Snap shot by Cal O'Reilly.
1:44 of 2nd period - Goal by Cal O'Reilly - Senators : 3 - Inferno : 3.
1:45 of 2nd period - Stephane Da Costa wins face-off versus Anders Lee in neutral zone.
1:48 of 2nd period - Anders Lee is hit by Ian Cole and loses puck.
1:53 of 2nd period - Snap shot by Chris Thorburn.
1:53 of 2nd period - Shot Misses the Net.
1:57 of 2nd period - Wrist shot by Chris Thorburn.
1:57 of 2nd period - Stopped by Michael Hutchinson with a rebound.
1:59 of 2nd period - Slapshot by Ian Cole.
1:59 of 2nd period - Stopped by Michael Hutchinson with a rebound.
2:01 of 2nd period - Snap shot by Gabriel Landeskog.
2:01 of 2nd period - Stopped by Michael Hutchinson with a rebound.
2:19 of 2nd period - Slapshot by Patrick Bordeleau.
2:19 of 2nd period - Stopped by Michael Hutchinson with a rebound.
2:21 of 2nd period - Slapshot by Shane Sims.
2:21 of 2nd period - Stopped by Michael Hutchinson with a rebound.
2:35 of 2nd period - Slapshot by Colby Robak.
2:35 of 2nd period - Shot Misses the Net.
2:37 of 2nd period - Slapshot by Sami Vatanen.
2:37 of 2nd period - Shot Blocked by Shane Prince.
2:39 of 2nd period - Snap shot by Cal O'Reilly.
2:39 of 2nd period - Shot Misses the Net.
2:41 of 2nd period - Wrist shot by Bryan Rust.
2:41 of 2nd period - Stopped by Brad Thiessen with a rebound.
2:43 of 2nd period - Slapshot by Colby Robak.
2:43 of 2nd period - Shot Misses the Net.
2:59 of 2nd period - Wrist shot by Tanner Pearson.
2:59 of 2nd period - Stopped by Brad Thiessen with a rebound.
3:50 of 2nd period - Gabriel Landeskog is hit by Esa Lindell and loses puck.
4:31 of 2nd period - Philip Varone is hit by Ian Cole and loses puck.
4:50 of 2nd period - Wrist shot by Cal O'Reilly.
4:50 of 2nd period - Shot Misses the Net.
4:52 of 2nd period - Slapshot by Greg Pateryn.
4:52 of 2nd period - Stopped by Brad Thiessen with a rebound.
5:04 of 2nd period - Backhand shot by Colby Robak.
5:04 of 2nd period - Stopped by Brad Thiessen without a rebound.
5:05 of 2nd period - Freddie Hamilton wins face-off versus Anders Lee in Senators zone.
5:05 of 2nd period - Freddie Hamilton is hit by David Ullstrom.
5:18 of 2nd period - Icing by Marc-André Bernier.
5:19 of 2nd period - Anders Lee wins face-off versus Freddie Hamilton in Senators zone.
5:39 of 2nd period - Vladimir Zharkov is hit by Patrick Bordeleau and loses puck.
5:52 of 2nd period - Ian Cole is hit by Colby Robak and loses puck.
6:14 of 2nd period - Icing by Stephane Da Costa.
6:15 of 2nd period - Cal O'Reilly wins face-off versus Stephane Da Costa in Senators zone.
6:26 of 2nd period - Wrist shot by Cal O'Reilly.
6:26 of 2nd period - Deflect By Bryan Rust.
6:26 of 2nd period - Stopped by Brad Thiessen without a rebound.
6:27 of 2nd period - Stephane Da Costa wins face-off versus Anders Lee in Senators zone.
6:27 of 2nd period - Stephane Da Costa is hit by Vladimir Zharkov.
6:35 of 2nd period - Backhand shot by Sami Vatanen.
6:35 of 2nd period - Stopped by Brad Thiessen with a rebound.
6:53 of 2nd period - Bryan Rust is hit by Keegan Lowe and loses puck.
6:58 of 2nd period - Snap shot by Matt Frattin.
6:58 of 2nd period - Shot Misses the Net.
7:00 of 2nd period - Backhand shot by Gabriel Bourque.
7:00 of 2nd period - Stopped by Michael Hutchinson without a rebound.
7:01 of 2nd period - Anders Lee wins face-off versus Gabriel Bourque in Inferno zone.
7:06 of 2nd period - Snap shot by Gabriel Bourque.
7:06 of 2nd period - Shot Misses the Net.
8:09 of 2nd period - Philip Varone is hit by Jarrod Maidens and loses puck.
8:47 of 2nd period - Logan Stephenson is hit by Sami Vatanen and loses puck.
9:31 of 2nd period - Wrist shot by Vladimir Zharkov.
9:31 of 2nd period - Shot Misses the Net.
10:07 of 2nd period - Minor Penalty to Gabriel Bourque for Interference.
10:08 of 2nd period - Anders Lee wins face-off versus Gabriel Landeskog in Senators zone.
10:11 of 2nd period - Snap shot by Sami Vatanen.
10:11 of 2nd period - Stopped by Brad Thiessen with a rebound.
10:13 of 2nd period - Snap shot by Anders Lee.
10:13 of 2nd period - Shot Misses the Net.
10:15 of 2nd period - Wrist shot by Colby Robak.
10:15 of 2nd period - Shot Blocked by Stephane Da Costa.
10:17 of 2nd period - Slapshot by Sami Vatanen.
10:17 of 2nd period - Shot Blocked by Logan Stephenson.
10:23 of 2nd period - Snap shot by Colby Robak.
10:23 of 2nd period - Stopped by Brad Thiessen with a rebound.
11:10 of 2nd period - Icing by David Ullstrom.
11:11 of 2nd period - Ryan Dzingel wins face-off versus Anders Lee in Inferno zone.
11:41 of 2nd period - Snap shot by Jeff Petry.
11:41 of 2nd period - Shot Blocked by Anders Lee.
12:07 of 2nd period - Penalty to Gabriel Bourque is over, Gabriel Bourque is back on ice.
12:34 of 2nd period - Slapshot by Colby Robak.
12:34 of 2nd period - Shot Blocked by Patrick Bordeleau.
14:04 of 2nd period - Victor Rask is hit by Patrick Bordeleau and loses puck.
14:36 of 2nd period - Slapshot by Gabriel Bourque.
14:36 of 2nd period - Stopped by Michael Hutchinson with a rebound.
14:50 of 2nd period - Tyler Shattock is hit by Dylan Blujus and loses puck.
15:31 of 2nd period - David Ullstrom is hit by Marc-André Bernier and loses puck.
16:15 of 2nd period - Off-side.
16:16 of 2nd period - Anders Lee wins face-off versus Shane Prince in neutral zone.
16:43 of 2nd period - Minor Penalty to Freddie Hamilton for Charging.
16:44 of 2nd period - Gabriel Landeskog wins face-off versus Anders Lee in Senators zone.
17:07 of 2nd period - Slapshot by Colby Robak.
17:07 of 2nd period - Stopped by Brad Thiessen with a rebound.
17:09 of 2nd period - Snap shot by Greg Pateryn.
17:09 of 2nd period - Shot Blocked by Ian Cole.
17:11 of 2nd period - Slapshot by Greg Pateryn.
17:11 of 2nd period - Deflect By Tanner Pearson.
17:11 of 2nd period - Stopped by Brad Thiessen with a rebound.
18:01 of 2nd period - Ryan Dzingel is hit by Anders Lee and loses puck.
18:32 of 2nd period - Shane Prince is hit by Bryan Rust and loses puck.
18:43 of 2nd period - Penalty to Freddie Hamilton is over, Freddie Hamilton is back on ice.
19:32 of 2nd period - Wrist shot by Marc-André Bernier.
19:32 of 2nd period - Stopped by Michael Hutchinson with a rebound.
Goals for this period are 1 for Senators vs 1 for Inferno.
Shots for this period are 9 for Senators vs 11 for Inferno.
3rd period
0:01 of 3rd period - Gabriel Landeskog wins face-off versus Anders Lee in neutral zone.
0:25 of 3rd period - Shane Prince is hit by Sami Vatanen and loses puck.
0:34 of 3rd period - Wrist shot by Gabriel Bourque.
0:34 of 3rd period - Stopped by Michael Hutchinson with a rebound.
0:52 of 3rd period - Sami Vatanen is hit by Freddie Hamilton and loses puck.
1:09 of 3rd period - Snap shot by Matthew Nieto.
1:09 of 3rd period - Stopped by Brad Thiessen with a rebound.
1:33 of 3rd period - Slapshot by Bryan Rust.
1:33 of 3rd period - Stopped by Brad Thiessen with a rebound.
2:05 of 3rd period - Christian Folin is hit by Ian Cole and loses puck.
2:17 of 3rd period - Off-side.
2:18 of 3rd period - Shane Prince wins face-off versus Philip Varone in neutral zone.
2:43 of 3rd period - Sami Vatanen is hit by Jeff Petry and loses puck.
2:56 of 3rd period - Wrist shot by Chris Thorburn.
2:56 of 3rd period - Stopped by Michael Hutchinson with a rebound.
3:11 of 3rd period - Matt Kassian is hit by Freddie Hamilton and loses puck.
3:58 of 3rd period - Gabriel Bourque is hit by Philip Varone and loses puck.
4:09 of 3rd period - Snap shot by Stephane Da Costa.
4:09 of 3rd period - Stopped by Michael Hutchinson with a rebound.
4:11 of 3rd period - Snap shot by Gabriel Landeskog.
4:11 of 3rd period - Stopped by Michael Hutchinson without a rebound.
4:12 of 3rd period - Anders Lee wins face-off versus Stephane Da Costa in Inferno zone.
4:18 of 3rd period - Off-side.
4:19 of 3rd period - Shane Prince wins face-off versus Anders Lee in neutral zone.
4:26 of 3rd period - Snap shot by Gabriel Bourque.
4:26 of 3rd period - Stopped by Michael Hutchinson without a rebound.
4:27 of 3rd period - David Ullstrom wins face-off versus Shane Prince in Inferno zone.
4:27 of 3rd period - David Ullstrom is hit by Matt Frattin.
4:51 of 3rd period - Matt Frattin is hit by David Ullstrom and loses puck.
4:55 of 3rd period - Icing by Logan Stephenson.
4:56 of 3rd period - Cal O'Reilly wins face-off versus Matt Frattin in Senators zone.
5:31 of 3rd period - Snap shot by Matthew Nieto.
5:31 of 3rd period - Shot Blocked by Shane Sims.
5:33 of 3rd period - Snap shot by Philip Varone.
5:33 of 3rd period - Stopped by Brad Thiessen with a rebound.
5:43 of 3rd period - Jeff Petry is hit by Tanner Pearson and loses puck.
5:56 of 3rd period - Slapshot by Esa Lindell.
5:56 of 3rd period - Shot Blocked by Shane Sims.
6:16 of 3rd period - Snap shot by Chris Thorburn.
6:16 of 3rd period - Shot Misses the Net.
6:32 of 3rd period - Wrist shot by Marc-André Bernier.
6:32 of 3rd period - Stopped by Michael Hutchinson without a rebound.
6:33 of 3rd period - Cal O'Reilly wins face-off versus Stephane Da Costa in Inferno zone.
6:59 of 3rd period - Freddie Hamilton is hit by David Ullstrom and loses puck.
7:56 of 3rd period - Minor Penalty to Sami Vatanen for Roughing.
7:57 of 3rd period - Cal O'Reilly wins face-off versus Gabriel Landeskog in Inferno zone.
7:57 of 3rd period - Cal O'Reilly is hit by Stephane Da Costa.
8:12 of 3rd period - Minor Penalty to Colby Robak for Tripping.
8:13 of 3rd period - Vladimir Zharkov wins face-off versus Stephane Da Costa in Inferno zone.
8:47 of 3rd period - Wrist shot by Gabriel Bourque.
8:47 of 3rd period - Shot Blocked by Greg Pateryn.
8:49 of 3rd period - Wrist shot by Logan Stephenson.
8:49 of 3rd period - Shot Misses the Net.
9:25 of 3rd period - Esa Lindell is hit by Shane Sims and loses puck.
9:56 of 3rd period - Penalty to Sami Vatanen is over, Sami Vatanen is back on ice.
10:12 of 3rd period - Penalty to Colby Robak is over, Colby Robak is back on ice.
10:25 of 3rd period - Slapshot by Colby Robak.
10:25 of 3rd period - Shot Misses the Net.
10:27 of 3rd period - Slapshot by Christian Folin.
10:27 of 3rd period - Shot Blocked by Logan Stephenson.
10:33 of 3rd period - Snap shot by Cal O'Reilly.
10:33 of 3rd period - Deflect By David Ullstrom.
10:33 of 3rd period - Shot Blocked by Marc-André Bernier.
10:33 of 3rd period - Puck is out of play.
10:34 of 3rd period - Philip Varone wins face-off versus Freddie Hamilton in Senators zone.
10:47 of 3rd period - Snap shot by Philip Varone.
10:47 of 3rd period - Stopped by Brad Thiessen with a rebound.
10:49 of 3rd period - Wrist shot by Philip Varone.
10:49 of 3rd period - Stopped by Brad Thiessen with a rebound.
10:59 of 3rd period - Sami Vatanen is hit by Jeff Petry and loses puck.
11:09 of 3rd period - Slapshot by Greg Pateryn.
11:09 of 3rd period - Shot Misses the Net.
11:19 of 3rd period - Matt Frattin is hit by Cal O'Reilly and loses puck.
11:30 of 3rd period - Jeff Petry is hit by Simon Danis-Pepin and loses puck.
11:42 of 3rd period - Off-side.
11:43 of 3rd period - Anders Lee wins face-off versus Stephane Da Costa in neutral zone.
11:52 of 3rd period - Slapshot by Gabriel Landeskog.
11:52 of 3rd period - Shot Misses the Net.
11:54 of 3rd period - Slapshot by Dylan Blujus.
11:54 of 3rd period - Shot Blocked by Sami Vatanen.
12:36 of 3rd period - Snap shot by Vladimir Zharkov.
12:36 of 3rd period - Deflect By David Ullstrom.
12:36 of 3rd period - Stopped by Brad Thiessen with a rebound.
13:37 of 3rd period - Backhand shot by Christian Folin.
13:37 of 3rd period - Stopped by Brad Thiessen with a rebound.
13:39 of 3rd period - Wrist shot by Matthew Nieto.
13:39 of 3rd period - Shot Blocked by Gabriel Bourque.
13:46 of 3rd period - Minor Penalty to Jeff Petry for Hooking.
13:47 of 3rd period - Philip Varone wins face-off versus Stephane Da Costa in Senators zone.
13:55 of 3rd period - Wrist shot by Philip Varone.
13:55 of 3rd period - Deflect By Shane Sims.
13:55 of 3rd period - Shot Blocked by Shane Sims.
13:55 of 3rd period - Puck is out of play.
13:56 of 3rd period - Gabriel Landeskog wins face-off versus Philip Varone in Senators zone.
14:21 of 3rd period - Off-side.
14:22 of 3rd period - Gabriel Landeskog wins face-off versus Anders Lee in neutral zone.
15:46 of 3rd period - Penalty to Jeff Petry is over, Jeff Petry is back on ice.
16:00 of 3rd period - Icing by Jeff Petry.
16:01 of 3rd period - Anders Lee wins face-off versus Patrick Bordeleau in Senators zone.
17:11 of 3rd period - Wrist shot by Tanner Pearson.
17:11 of 3rd period - Shot Blocked by Keegan Lowe.
17:25 of 3rd period - Christian Folin is hit by Chris Thorburn and loses puck.
18:02 of 3rd period - Off-side.
18:03 of 3rd period - Philip Varone wins face-off versus Phil Di Giuseppe in neutral zone.
18:14 of 3rd period - Wrist shot by Matthew Nieto.
18:14 of 3rd period - Stopped by Brad Thiessen without a rebound.
18:15 of 3rd period - Freddie Hamilton wins face-off versus Anders Lee in Senators zone.
18:27 of 3rd period - Simon Danis-Pepin is hit by Jeff Petry and loses puck.
18:52 of 3rd period - Off-side.
18:53 of 3rd period - Shane Prince wins face-off versus Anders Lee in neutral zone.
19:00 of 3rd period - Wrist shot by David Ullstrom.
19:00 of 3rd period - Shot Misses the Net.
Goals for this period are 0 for Senators vs 0 for Inferno.
Shots for this period are 6 for Senators vs 8 for Inferno.
Overtime #1
0:01 of 1st overtime period - Gabriel Landeskog wins face-off versus Anders Lee in neutral zone.
0:16 of 1st overtime period - Sami Vatanen is hit by Gabriel Landeskog and loses puck.
1:36 of 1st overtime period - Wrist shot by Matthew Nieto.
1:36 of 1st overtime period - Stopped by Brad Thiessen without a rebound.
1:37 of 1st overtime period - Stephane Da Costa wins face-off versus Anders Lee in Senators zone.
2:00 of 1st overtime period - Chris Thorburn is hit by Sami Vatanen and loses puck.
2:37 of 1st overtime period - Wrist shot by Shane Sims.
2:37 of 1st overtime period - Stopped by Michael Hutchinson without a rebound.
2:38 of 1st overtime period - Phil Di Giuseppe wins face-off versus Anders Lee in Inferno zone.
3:01 of 1st overtime period - Wrist shot by Phil Di Giuseppe.
3:01 of 1st overtime period - Shot Blocked by Colby Robak.
3:03 of 1st overtime period - Snap shot by Shane Sims.
3:03 of 1st overtime period - Shot Misses the Net.
3:05 of 1st overtime period - Slapshot by Marc-André Bernier.
3:05 of 1st overtime period - Stopped by Michael Hutchinson with a rebound.
3:07 of 1st overtime period - Wrist shot by Shane Sims.
3:07 of 1st overtime period - Deflect By Anders Lee.
3:07 of 1st overtime period - Stopped by Michael Hutchinson with a rebound.
3:09 of 1st overtime period - Snap shot by Marc-André Bernier.
3:09 of 1st overtime period - Deflect By Phil Di Giuseppe.
3:09 of 1st overtime period - Stopped by Michael Hutchinson with a rebound.
3:11 of 1st overtime period - Slapshot by Marc-André Bernier.
3:11 of 1st overtime period - Stopped by Michael Hutchinson with a rebound.
3:13 of 1st overtime period - Wrist shot by Phil Di Giuseppe.
3:13 of 1st overtime period - Shot Blocked by Colby Robak.
3:15 of 1st overtime period - Slapshot by Shane Sims.
3:15 of 1st overtime period - Shot Misses the Net.
3:17 of 1st overtime period - Slapshot by Marc-André Bernier.
3:17 of 1st overtime period - Goal by Marc-André Bernier - Senators : 4 - Inferno : 3.
Goals for this period are 1 for Senators vs 0 for Inferno.
Shots for this period are 6 for Senators vs 1 for Inferno.
Back to the Top